 Dungeon Crawl Stone Soup version 0.20.1-1-g8b1a95d (webtiles) character file.

91 Fisto the Skirmisher (level 4, 0/40 HPs)
             Began as a Hill Orc Fighter on Nov 5, 2017.
             Was an Initiate of Beogh.
             Killed from afar by a frilled lizard (13 damage)
             ... with an exploding inner flame
             ... hexed by the player character
             ... on level 4 of the Dungeon.
             The game lasted 00:17:52 (1363 turns).

Fisto the Skirmisher (Hill Orc Fighter)             Turns: 1363, Time: 00:17:56

Health: 0/40       AC: 10    Str: 19    XL:     4   Next: 57%
Magic:  4/4        EV:  5    Int:  8    God:    Beogh [......]
Gold:   86         SH:  9    Dex: 10    Spells: 3/3 levels left

rFire    . . .     SeeInvis .   f - +7 hand axe (venom)
rCold    . . .     Gourm    .   c - +0 shield
rNeg     . . .     Faith    .   k - +0 chain mail
rPois    .         Spirit   .   (no helmet)
rElec    .         Reflect  .   (no cloak)
rCorr    .         Harm     .   p - +0 pair of gloves
MR       .....                  (no boots)
Stlth    ..........             (no amulet)
Regen    0.2/turn               (no ring)
MPRegen  0.1/turn               (no ring)

@: no status effects
A: no striking features
a: Renounce Religion


You were on level 4 of the Dungeon.
You worshipped Beogh.
Beogh was noncommittal.
You were not hungry.

You visited 1 branch of the dungeon, and saw 4 of its levels.

You collected 86 gold pieces.

Inventory:

Hand Weapons
 a - a +0 war axe
 f - a +7 hand axe of venom (weapon)
 j - a +0 rapier
Armour
 c - a +0 shield (worn)
 k - a +0 chain mail (worn)
 p - a +0 pair of gloves (worn)
Jewellery
 d - an uncursed ring of flight {unknown}
Scrolls
 q - a scroll of fear {unknown}
Comestibles
 h - a royal jelly


   Skills:
 + Level 4.2 Fighting
 + Level 3.6 Axes
 + Level 3.8 Armour
 + Level 0.8 Dodging
 + Level 4.1 Shields


You had 3 spell levels left.
You didn't know any spells.

Dungeon Overview and Level Annotations

Branches:
Dungeon (4/15)
 Temple: D:4-7

Altars:
Ashenzari
Kikubaaqudgha
Okawaru
Trog

Annotations:
D:2 Sigmund
D:4 Edmund, Menkaure


Message History

The frilled lizard bites you but does no damage.
You block the frilled lizard's attack. You block Menkaure's attack.
You block the worm's attack.
Found an escape hatch in the ceiling.
Edmund the Younger comes into view.
He is wielding a flail of venom.
Edmund shouts!
Menkaure giggles, "These cerements are ticklish..."
Menkaure calls on the powers of darkness!
The worm convulses!
Your body is wracked with pain!
* * * LOW HITPOINT WARNING * * *
Found a fizzy golden potion and 25 stones.
You block Edmund's attack.
You hit Edmund.
Edmund is poisoned.
Edmund is lightly wounded.
You hit the frilled lizard.
The frilled lizard is poisoned.
The frilled lizard explodes!
The fiery explosion engulfs Edmund.
Edmund is severely wounded.
The fiery explosion engulfs you!
You die...

,,,** #........## ,,,**
##......?..# ,,,,**
#....?...$.## *,,,,**
##...........## ***,,,**
##.....w.##....##
**,,,*##......M####..<.##
**,,,.!.....§.§# ###...#*
**,,.......§§§## ##...#*
**,.....##@@§.#* #....#*
*,....*#......#* ##.<..#*
*,...,*#.####..#* *#.#..#
*,..,,...* *#..#***#...#
* **,.,≈≈..(*
*.#..,*,.#.# **
**,,,.≈⌠≈..* **#*.,*,.#*#
,****,,,,...≈.** ****,,*
,,,*,,,,*....,* ****
,,,,,,,********


You could see Edmund, Menkaure (inner flame) and a worm (inner flame).

Vanquished Creatures
  A hound (D:3)
  Terence (D:3)
  An adder (D:2)
  2 worms
  A dart slug (D:1)
  A leopard gecko (D:3)
  4 bats
  A giant cockroach (D:1)
  A goblin (D:2)
  A hobgoblin (D:1)
  A kobold (D:1)
  4 frilled lizards
  5 rats
24 creatures vanquished.

Vanquished Creatures (others)
  An orc priest (D:3)
  An orc (D:3)
2 creatures vanquished.

Grand Total: 26 creatures vanquished

Notes
Turn   | Place    | Note
-------+----------+-------------------------------------------
     0 | D:1      | Fisto the Hill Orc Fighter began the quest for the Orb.
     0 | D:1      | Reached XP level 1. HP: 19/19 MP: 1/1
   144 | D:1      | Reached XP level 2. HP: 21/27 MP: 2/2
   470 | D:2      | Found a shattered altar of Ashenzari.
   485 | D:2      | Reached XP level 3. HP: 32/33 MP: 3/3
   526 | D:2      | Noticed Sigmund
   839 | D:3      | Found an ancient bone altar of Kikubaaqudgha.
   871 | D:3      | Found an iron altar of Okawaru.
   914 | D:3      | Reached XP level 4. HP: 38/40 MP: 4/4
   976 | D:3      | Found a bloodstained altar of Trog.
  1171 | D:3      | Became a worshipper of Beogh the Brigand
  1207 | D:3      | Noticed Terence
  1212 | D:3      | Killed Terence
  1341 | D:4      | Noticed Menkaure
  1358 | D:4      | Noticed Edmund
  1363 | D:4      | Killed from afar by a frilled lizard

Skill      XL: |  1  2  3 |
---------------+----------+-----
Fighting       | 4 |  4.2
Axes           | 3 |  3.6
Shields        | 4 |  4.1
Armour         | |  3.8
Dodging        | |  0.8

Action                   |  1- 3 |  4- 6 || total
-------------------------+-------+-------++-------
Melee: War axe           |    63 |    20 ||    83
       Hand axe          |       |     6 ||     6
Invok: Convert to Beogh  |       |     1 ||     1
  Use: Scroll            |     1 |     4 ||     5
       Potion            |     1 |     3 ||     4
  Eat: Bread ration      |       |     1 ||     1
Armor: Scale mail        |    49 |    11 ||    60
       Chain mail        |       |    13 ||    13
Dodge: Dodged            |    26 |    10 ||    36
Block: Shield            |    46 |    18 ||    64
